 Dungeon Crawl Stone Soup version 0.31-a0-664-g902f515a81 (webtiles) character file.

Game seed: 14705475899919802928

318 jlumianski the Chopper (level 6, -8/48 HPs)
             Began as a Demonspawn Fighter on Sept 3, 2023.
             Killed from afar by a steam dragon (16 damage)
             ... with a ball of steam
             ... on level 4 of the Dungeon.
             The game lasted 00:11:38 (2753 turns).

jlumianski the Chopper (Demonspawn Fighter)         Turns: 2753, Time: 00:11:38

Health: -8/48      AC: 11    Str: 18    XL:     6   Next: 21%
Magic:  6/6        EV:  5    Int: 10    God:
Gold:   209        SH:  4    Dex: 12    Spells: 5/5 levels left

rFire   . . .        a - +0 war axe
rCold   . . .        c - +0 buckler
rNeg    . . .        d - +0 plate armour
rPois   .            (no helmet)
rElec   .            (no cloak)
rCorr   .            (no gloves)
SInv    .            (no boots)
Will    .....        o - amulet of regeneration Stlth
                     (no ring)
HPRegen 1.08/turn    (no ring)
MPRegen 0.10/turn

%: no passive effects
@: no status effects
A: claws 1, powered by death 1
a: no special abilities


You were on level 4 of the Dungeon.
You visited 1 branch of the dungeon, and saw 5 of its levels.

You collected 209 gold pieces.

Inventory:

Hand Weapons
 a - a +0 war axe (weapon)
 m - a +2 whip of electrocution
 q - the +6 flail of Dullness {heavy, rN+}
   (You found it on level 3 of the Dungeon)

   rN+:       It protects you from negative energy.
Missiles
 e - 38 stones (quivered)
 r - 9 atropa-tipped darts
 u - 3 boomerangs
 v - 3 curare-tipped darts
Armour
 b - a +0 scale mail
 c - a +0 buckler (worn)
 d - a +0 plate armour (worn)
 h - a +0 chain mail
Jewellery
 o - an amulet of regeneration (around neck)
Scrolls
 i - a scroll of amnesia
 n - a scroll of teleportation {unknown}
Potions
 f - a potion of curing
 g - a potion of lignification {unknown}
 j - a potion of attraction
 k - a potion of cancellation
 l - a potion of enlightenment
 p - a potion of ambrosia {unknown}
 s - a potion of berserk rage {unknown}
 t - 2 potions of brilliance {unknown}


   Skills:
 + Level 4.0 Fighting
 + Level 4.1 Axes
 + Level 3.7 Armour
 + Level 0.7 Dodging
 + Level 3.4 Shields


You had 5 spell levels left.
You didn't know any spells.
Your spell library contained the following spells:

 Spells                   Type           Power      Damage    Failure   Level
 Magic Dart               Conj           0%         1d3       100%        1
 Call Imp                 Summ           0%         N/A       100%        2
 Ensorcelled Hibernation  Hex/Ice        0%         N/A       100%        2
 Lesser Beckoning         Tloc           0%         N/A       100%        2
 Passwall                 Tmut/Erth      0%         N/A       100%        2
 Dazzling Flash           Conj/Hex       0%         N/A       100%        3
 Gell's Gravitas          Tloc           0%         N/A       100%        3
 Mephitic Cloud           Conj/Pois/Air  0%         N/A       100%        3
 Swiftness                Air            0%         N/A       100%        3
 Teleport Other           Tloc           0%         N/A       100%        3
 Volatile Blastmotes      Fire/Tloc      0%         2d10      100%        3
 Starburst                Conj/Fire      0%         6d3       100%        6
 Maxwell's Capacitive Co  Air            0%         ∞         100%        8


Dungeon Overview and Level Annotations

Branches:
Dungeon (5/15)
 Temple: D:4-7

Altars:
Gozag
Kikubaaqudgha


Innate Abilities, Weirdness & Mutations

You have sharp fingernails.
You regenerate a little health from kills.


Message History

The ball of steam hits you!
You hit the steam dragon but do no damage.
The steam dragon is almost dead.
The steam dragon breathes steam at you. The ball of steam hits you.
You barely miss the steam dragon.
The steam dragon is almost dead.
You are engulfed in a cloud of scalding steam.
The steam dragon bites you but does no damage.
The steam dragon claws you but does no damage.
The steam dragon bites you but does no damage.
The steam dragon claws you but does no damage.
Found 4 stones.
The steam dragon bites you but does no damage.
The steam dragon claws you but does no damage.
You hit the steam dragon but do no damage.
The steam dragon is almost dead.
The steam dragon breathes steam at you. The ball of steam hits you!
* * * LOW HITPOINT WARNING * * *
You closely miss the steam dragon.
The steam dragon is almost dead.
The steam dragon bites you but does no damage.
The steam dragon claws you.
* * * LOW HITPOINT WARNING * * *
You hit the steam dragon but do no damage.
The steam dragon is almost dead.
You block the steam dragon's attack. The steam dragon barely misses you.
The steam dragon bites you but does no damage.
The steam dragon barely misses you.
You barely miss the steam dragon.
The steam dragon is almost dead.
The steam dragon bites you.
* * * LOW HITPOINT WARNING * * *
The steam dragon completely misses you.
You closely miss the steam dragon.
The steam dragon is almost dead.
The steam dragon breathes steam at you. The ball of steam hits you!
You die...

### ..# #.# #.#
#######.## ####
#........########
... #............
##.###
###D@...######
.....##
#..............#
8...8.#
(....#.....####.###
......##
.....#............#
.._..... #.#.
###.######.#.#
......#^ # .. #.#
#.#.# #. 8...8.# .#
#.# #.#.# ##..
.....## #.#
#.######.#.##....
##.### #.#
#................


You could see a steam dragon (catching breath).

Vanquished Creatures
  2 orc priests (D:3)
  3 orc wizards
  8 adders
  3 worms
  A dart slug (D:4)
  15 orcs
  5 ball pythons
  12 endoplasms
  2 giant cockroaches (D:1)
  4 goblins
  11 hobgoblins
  2 jackals (D:3)
  A kobold (D:1)
  5 quokkas
  4 bats
  3 frilled lizards
  9 rats
90 creatures vanquished.

Notes
Turn   | Place    | Note
-------+----------+-------------------------------------------
     0 | D:1      | jlumianski the Demonspawn Fighter began the quest for the
                  | Orb.
     0 | D:1      | Reached XP level 1. HP: 18/18 MP: 1/1
   316 | D:1      | Gained mutation: You regenerate a little health from kills.
                  | [demonic ancestry]
   316 | D:1      | Reached XP level 2. HP: 24/24 MP: 2/2
   386 | D:2      | Reached XP level 3. HP: 11/29 MP: 3/3
   738 | D:1      | Found a faded altar of an unknown god.
  1060 | D:2      | Gained mutation: You have sharp fingernails. [demonic
                  | ancestry]
  1060 | D:2      | Reached XP level 4. HP: 26/36 MP: 4/4
  1616 | D:3      | Identified the +6 flail of Dullness {heavy, rN+}
  1659 | D:4      | Found an opulent altar of Gozag.
  1906 | D:2      | Reached XP level 5. HP: 41/42 MP: 5/5
  2170 | D:3      | Reached XP level 6. HP: 48/48 MP: 6/6
  2672 | D:5      | Entered Level 5 of the Dungeon
  2694 | D:4      | Found an ancient bone altar of Kikubaaqudgha.
  2734 | D:4      | Noticed a steam dragon
  2753 | D:4      | Killed from afar by a steam dragon

Illustrated notes

Levels and vault maps discovered:
D:1:      dpeg_arrival_circle_labyrinth_a, layout_loops_ring,
          hellmonk_ecumenical_altar_defaced_shrine
D:2:      layout_rooms
D:3:      layout_basic
D:4:      layout_loops_ring, mainiacjoe_overflow_small_starburst,
          grunt_gozag_statues
D:5:      layout_basic, gammafunk_ghost_smash, chequers_serial_rivers_small_b

Skill      XL: |  1  2  3  4  5  6 |
---------------+-------------------+-----
Shields        | 3 |  3.4
Axes           | 2 3 4 |  4.1
Armour         | 3 |  3.7
Fighting       | 4 |  4.0
Dodging        | |  0.7

Action                     |  1- 3 |  4- 6 || total
---------------------------+-------+-------++-------
  Melee: War axe           |   113 |   198 ||   311
  Throw: Stone             |       |     2 ||     2
    Use: Potion            |       |     5 ||     5
         Scroll            |       |     1 ||     1
 Armour: Scale mail        |    57 |       ||    57
         Chain mail        |    54 |    60 ||   114
         Plate armour      |       |   163 ||   163
  Dodge: Dodged            |    47 |    52 ||    99
  Block: Buckler           |    24 |    30 ||    54

Table legend: (Time is in decaauts)
 A = Elapsed time spent in this place.
 B = Non-inter-level travel time spent in this place.
 C = Inter-level travel time spent in this place.
 D = Time resting spent in this place.
 E = Time spent auto-exploring this place.
 F = Levels seen in this place.
 G = Mean time per level.
                   A        B        C        D        E       F      G
               +--------+--------+--------+--------+--------+-----+--------+
         Total |   2884 |   2849 |     35 |    144 |   1293 |   5 |  576.8 |
       Dungeon |   2884 |   2849 |     35 |    144 |   1293 |   5 |  576.8 |
               +--------+--------+--------+--------+--------+-----+--------+

Top non-repeatable levels by time:
     D:1: 989 daAuts
     D:3: 859 daAuts
     D:2: 618 daAuts
     D:4: 415 daAuts
     D:5: 1 daAuts
